 Dungeon Crawl Stone Soup version 0.31-a0-180-g519b7de00c (webtiles) character file.

Game seed: 3982259720119215780

185423 qw the Peltast (level 18, -6/119 HPs)
             Began as a Gargoyle Fighter on June 20, 2023.
             Was an Elder of Okawaru.
             Killed from afar by a swamp worm (10 damage)
             ... with a harpoon shot
             ... on level 4 of the Swamp.
             The game lasted 00:18:02 (31082 turns).

qw the Peltast (Gargoyle Fighter)                  Turns: 31082, Time: 00:18:02

Health: -6/119     AC: 52    Str: 30    XL:     18   Next: 44%
Magic:  23/25      EV: 14    Int: 12    God:    Okawaru [****..]
Gold:   849        SH: 23    Dex: 16    Spells: 17/17 levels left

rFire   . . .        g - +6 war axe (spect)
rCold   + . .        A - +0 tower shield
rNeg    + . .        G - +1 plate armour {rC+}
rPois   inf          f - +2 helmet of Maosaure {Rampage Drain Str+3 Dex+3}
rElec   +            t - +3 cloak "Gipoikot" {Str+2 Int+2}
rCorr   .            p - +2 pair of gloves
SInv    .            v - +1 pair of boots
Will    +....        C - amulet of regeneration Stlth
                     J - +4 ring of slaying {mikee}
HPRegen 1.19/turn    s - +4 ring of protection
MPRegen 0.19/turn

%: rampage
@: about to teleport, heroic, flying
A: sickness immunity, AC +13, big wings, negative energy resistance 1,
electricity resistance, torment resistance 1, petrification resistance, agile 1,
sturdy frame 1
a: Renounce Religion, Heroism, Finesse


You were on level 4 of the Swamp.
You worshipped Okawaru.
Okawaru was greatly pleased with you.
You visited 6 branches of the dungeon, and saw 30 of its levels.
You also visited: Sewer, Ossuary and Gauntlet.

You collected 2828 gold pieces.
You spent 1979 gold pieces at shops.


Innate Abilities, Weirdness & Mutations

You are immune to sickness and miasma.
Your stone body is resilient. (AC +13)
You are immune to poison.
Your large and strong wings let you fly.
You resist negative energy. (rN+)
You are resistant to electric shocks. (rElec)
You are resistant to unholy torment.
You are immune to petrification.
You are agile. (Dex +4, Str/Int -1)
Your movements are slightly less encumbered by armour. (ER -2)


   Skills:
 - Level 15.0(20.0) Fighting
 - Level 16.0(21.0) Axes
 + Level 7.6(12.6) Throwing
 - Level 14.4(19.4) Armour
 - Level 6.0(11.0) Dodging
 - Level 18.2(23.2) Shields
 - Level 10.0 Invocations


You had 17 spell levels left.
You didn't know any spells.
Your spell library was empty.

Inventory:

Hand Weapons
 g - a +6 spectral war axe (weapon)
 F - a +0 broad axe of distortion
Missiles
 a - 6 silver javelins (quivered)
Armour
 f - the +2 helmet of Maosaure (worn) {Rampage Drain Str+3 Dex+3}
   (Okawaru gifted it to you on level 14 of the Dungeon)

   Str:       It affects your strength (+3).
   Dex:       It affects your dexterity (+3).
   Drain:     It drains your maximum health when unequipped.
   Rampage:   It bestows one free step when moving towards enemies.
 i - a scarf of resistance
 j - +0 fire dragon scales
 p - a +2 pair of gloves (worn)
 t - the +3 cloak "Gipoikot" (worn) {Str+2 Int+2}
   (You found it in a Gauntlet)

   Str:       It affects your strength (+2).
   Int:       It affects your intelligence (+2).
 v - a +1 pair of boots (worn)
 A - a +0 tower shield (worn)
 B - +0 acid dragon scales
 G - a +1 plate armour of cold resistance (worn)
Jewellery
 k - a ring of resist corrosion
 s - a +4 ring of protection (right hand)
 C - an amulet of regeneration (around neck)
 J - a +4 ring of slaying (left hand) {mikee}
 Y - a ring of protection from cold
Wands
 r - a wand of digging (20)
Scrolls
 b - 12 scrolls of teleportation
 e - 15 scrolls of identify
 y - a scroll of brand weapon
Potions
 d - 3 potions of might
 h - 5 potions of mutation
 m - 6 potions of haste
 n - 4 potions of attraction
 o - 6 potions of enlightenment
 q - a potion of cancellation
 u - a potion of magic
 w - 3 potions of lignification
 D - 2 potions of resistance

Dungeon Overview and Level Annotations

Branches:
Dungeon (15/15)            Temple (1/1) D:6            Lair (5/5) D:10
  Swamp (4/4) Lair:3       Spider (3/4) Lair:3        Slime (0/5) Lair:5
    Orc (2/2) D:12            Elf (0/3) Orc:2        Vaults (0/5) D:14
 Depths (0/4) D:15          Sewer (visited)         Ossuary (visited)
Gauntlet (visited)

Altars:
Ashenzari
Dithmenos
Elyvilon
Fedhas
Gozag
Hepliaklqana
Kikubaaqudgha
Makhleb
Nemelex Xobeh
Okawaru
Qazlal
Ru
Sif Muna
Trog
Uskayaw
Vehumet
Wu Jian
Xom
Yredelemnul
Zin
The Shining One

Shops:
D:4 :   D:12 [   Orc:2 (!?[[

Portals:
Trove: D:12 (give +3 shadow dragon scales)

Annotations:
D:2 1 runed translucent door, Crazy Yiuf
D:3 exclusion: 3 dart slugs
D:4 exclusion: dart slug
Spider:2 1 runed translucent door, qw's ghost, adept GrFi
Orc:1 3 runed translucent doors, tatocazan's ghost, journeyman MiFi


Message History

Enter note:
Enter note:
Enter note:
Enter note:
Enter note:
31079 ||| INVOKING Heroism.
You gain the combat prowess of a mighty hero.
You block the swamp worm's attack.
The swamp worm fires a harpoon shot at you.
You block the harpoon shot.
The tyrant leech bites you but does no damage.
You closely miss the bunyip. You slice the swamp worm!!
You closely miss the tyrant leech. You block the swamp worm's attack.
The swamp worm fires a harpoon shot at you.
You block the harpoon shot. The tyrant leech bites you!
31081 ||| READING 13 scrolls of teleportation.
As you read the scroll of teleportation, it crumbles to dust.
You feel strangely unstable. You block the swamp worm's attack.
The swamp worm fires a harpoon shot at you.
You block the harpoon shot.
You slice the swamp worm!!
You kill the swamp worm!
Okawaru accepts your kill.
You barely miss the tyrant leech. You hit the bunyip.
Your +6 spectral war axe hits the bunyip!
Your +6 spectral war axe hits the tyrant leech.
Your +6 spectral war axe hits the swamp worm but does no damage.
Your +6 spectral war axe completely misses the swamp worm.
Your +6 spectral war axe hits the swamp worm!
Your +6 spectral war axe hits the tyrant leech!!
Your +6 spectral war axe hits the bunyip.
Your +6 spectral war axe hits the swamp worm! x2
Your +6 spectral war axe completely misses the swamp worm.
You block the bunyip's attack. x2; The bunyip claws you!
The swamp worm closely misses your +6 spectral war axe.
The swamp worm fires a harpoon shot at you.
The harpoon shot hits you!
You die... 7 7

. 7 7. .7~7
7. 7..7 7~
7...7
7.77xw..7
7~.@(w..7
7...7ww....7
77.7 w...77.
7.7 77.77
.w7 77 7..


77 You could see a bunyip, a tyrant leech, 5 swamp worms and a friendly +6
spectral war axe.

Vanquished Creatures
  the Lernaean hydra (Swamp:4)
  Jorgrun (D:13)
  Agnes (Spider:3)
  Kirke (D:13)
  A fenstrider witch (Swamp:1)
  An emperor scorpion (Spider:3)
  Aizul (Spider:2)
  A ghost moth (Spider:3)
  A broodmother (Spider:3)
  2 eleionomae
  Azrael (D:13)
  A dire elephant (Gauntlet)
  2 spark wasps
  A minotaur (Gauntlet)
  4 entropy weavers
  Josephine (Orc:1)
  A shambling mangrove (Swamp:2)
  2 fire dragons (D:15)
  6 hydras
  2 ogre magi
  Erolcha (D:12)
  3 radroaches
  5 centaur warriors
  A merfolk avatar (Lair:5)
  A death knight (D:13)
  2 ghost crabs (Swamp:4)
  13 alligators
  6 death yaks (Lair:3)
  5 boulder beetles
  A tengu warrior (Swamp:3)
  11 two-headed ogres
  4 demonic crawlers
  Urug (D:13)
  An orc high priest (Orc:2)
  Sonja (Lair:4)
  Nergalle (D:12)
  A soul eater (D:13)
  3 skysharks
  A fire crab (Gauntlet)
  2 sixfirhies (D:13)
  A sun demon (D:13)
  A sea snake (Lair:5)
  A pharaoh ant (Spider:1)
  3 goliath frogs
  9 skeletal warriors (D:12)
  5 steelbarb worms
  2 spriggan druids
  6 swamp dragons
  3 orb spiders
  4 bog bodies
  Pikel (D:4)
  3 spectral wolf spiders (Spider:2)
  3 orc knights
  2 deep elf pyromancers
  5 orc sorcerers (Orc:2)
  3 wolf spider zombies (Spider:2)
  23 wolf spiders
  19 ugly things
  3 cyclopes
  4 manticores
  2 will-o-the-wisps (Swamp:4)
  4 moths of wrath
  2 black mambas (Lair:2)
  Maurice (D:8)
  14 elephants
  4 orange demons (D:13)
  2 gargoyles (D:12)
  4 torpor snails
  17 cane toads
  A cane toad (shapeshifter) (D:15)
  Psyche (D:8)
  3 rime drakes
  A tengu conjurer (Swamp:3)
  A freezing wraith (D:14)
  5 yaktaurs (D:15)
  10 komodo dragons
  4 trolls
  A red devil (D:13)
  6 polar bears
  A polar bear (shapeshifter) (D:14)
  A troll (shapeshifter) (D:15)
  6 meliai
  A hellwing (D:13)
  22 tarantellas
  4 tyrant leeches
  Prince Ribbit (D:7)
  2 wind drakes (Lair:5)
  20 blink frogs
  18 hornets
  A tarantella (shapeshifter) (D:14)
  2 snapping turtles (Lair:5)
  11 slime creatures
  19 culicivoras
  A centaur simulacrum (D:15)
  16 jumping spiders
  A ynoxinul (D:13)
  12 wyverns
  A vampire (D:12)
  13 spriggans
  59 yaks
  A shadow (D:9)
  A basilisk (shapeshifter) (D:14)
  4 wraiths (Orc:1)
  3 hogs (D:13)
  3 fire bats (Gauntlet)
  5 basilisks
  A hog (shapeshifter) (D:14)
  A human (D:12)
  4 fire elementals (D:13)
  38 redbacks
  3 steam dragons
  A neqoxec (D:13)
  28 vampire mosquitoes
  A chaos spawn (D:13)
  17 swamp worms
  4 wargs
  5 hell hounds
  16 water moccasins
  21 orc warriors
  2 black bears
  3 sky beasts
  19 wolves
  3 swamp drakes (Swamp:4)
  3 ogres
  3 centaurs
  A phantom (D:7)
  5 kobold brigands
  14 bullfrogs
  A gnoll sergeant (D:12)
  5 scorpions
  4 wights (D:9)
  14 killer bees
  3 jellies
  5 howler monkeys
  8 electric eels
  2 hounds
  25 orc priests
  2 sleepcaps
  Ijyb (D:4)
  3 gnoll boudas
  2 iguanas
  28 orc wizards
  Terence (D:3)
  2 hell rats (Lair:1)
  8 mummies (Ossuary)
  26 gnolls
  17 adders
  12 river rats
  3 shadow imps
  2 white imps
  An ufetubus (D:6)
  2 worms
  5 dart slugs
  53 orcs
  7 ball pythons
  6 endoplasms
  7 giant cockroaches
  3 gnoll zombies (Ossuary)
  6 goblins
  2 hobgoblins
  4 jackals (Sewer)
  A quokka (D:3)
  7 bats
  8 frilled lizards
  2 hobgoblin zombies (Ossuary)
  43 kobolds
  3 kobold zombies (Ossuary)
  14 rats
  A spectral weapon (Swamp:2)
1051 creatures vanquished.

Vanquished Creatures (others)
  A water elemental (D:11)
  An orc priest (Orc:2)
  An orc wizard (D:8)
  11 foxfires (Swamp:4)
  25 spectral weapons
39 creatures vanquished.

Grand Total: 1090 creatures vanquished

Notes
Turn   | Place    | Note
-------+----------+-------------------------------------------
     0 | D:1      | qw the Gargoyle Fighter began the quest for the Orb.
     0 | D:1      | Reached XP level 1. HP: 14/14 MP: 1/1
     0 | D:1      | 0 ||| qw: Version: 0.3-a-9-g12657ce
     0 | D:1      | 0 ||| qw: Game counter: 1127
     0 | D:1      | 0 ||| qw: Always use a shield: true
     0 | D:1      | 0 ||| qw: God list: Okawaru
     0 | D:1      | 0 ||| qw: Allow faded altars: false
     0 | D:1      | 0 ||| qw: Do Orc after D:15 true
     0 | D:1      | 0 ||| qw: Do second Lair branch before Depths: true
     0 | D:1      | 0 ||| qw: Lair rune preference: random
     0 | D:1      | 0 ||| qw: Plans: Normal, Zot:1-4, Slime:5, God:TSO, Crypt,
                  | Tomb, Abyss, Pan, Hells, Win
     0 | D:1      | 0 ||| PLANNING D:1-11
    49 | D:1      | 49 ||| Stepping ~*~*~tactically~*~*~ (stealth).
    56 | D:1      | Reached XP level 2. HP: 14/19 MP: 2/2
    57 | D:1      | 57 ||| Stepping ~*~*~tactically~*~*~ (stealth).
    60 | D:1      | 60 ||| Stepping ~*~*~tactically~*~*~ (stealth).
   248 | D:1      | Reached skill level 3 in Axes
   435 | D:1      | Reached XP level 3. HP: 21/23 MP: 3/3
   574 | D:1      | 574 ||| DROPPING +2 whip of venom.
   706 | D:1      | 706 ||| UPGRADING to +0 plate armour.
   716 | D:1      | 716 ||| DROPPING +0 scale mail.
   717 | D:1      | 717 ||| UPGRADING to +0 helmet.
   722 | D:1      | 722 ||| DROPPING +6 ring of intelligence.
   723 | D:1      | 723 ||| UPGRADING to ring of resist corrosion.
   724 | D:1      | 724 ||| READING scroll labelled NUPIENG KOPPU.
   725 | D:1      | 725 ||| READING scroll labelled HAF CAPEFAODOL.
   730 | D:1      | 730 ||| READING scroll labelled MYSOYBB QOEGH.
   731 | D:1      | 731 ||| READING scroll labelled KOULUOBIEH.
   732 | D:1      | 732 ||| DRINKING 2 metallic dark potions.
   733 | D:1      | 733 ||| DROPPING potion of brilliance.
   889 | D:2      | 889 ||| DROPPING +1 mace of protection.
   994 | D:2      | 994 ||| DROPPING +2 hammer of draining.
   998 | D:2      | Found a runed translucent door.
   999 | D:2      | Noticed Crazy Yiuf
  1117 | D:2      | Reached XP level 4. HP: 26/28 MP: 4/4
  1599 | D:2      | 1599 ||| UPGRADING to +0 cloak.
  1604 | D:2      | 1604 ||| READING scroll labelled ERIRRIQ XOSASU.
  1605 | D:2      | 1605 ||| READING scroll labelled CITTAU OMUOKH.
  1606 | D:2      | 1606 ||| READING scroll labelled LAKHLA WALET.
  1607 | D:2      | 1607 ||| READING scroll labelled HEUDENG MURE.
  1872 | D:3      | 1872 ||| READING scroll of enchant weapon.
  1872 | D:3      | 1872 ||| ENCHANTING +0 spectral war axe.
  1879 | D:3      | Found a glowing golden altar of the Shining One.
  1883 | D:3      | 1883 ||| READING 2 scrolls of identify.
  1883 | D:3      | 1883 ||| IDENTIFYING bubbling purple potion
  1930 | D:3      | 1930 ||| DROPPING +0 flail.
  1980 | D:3      | 1980 ||| Stepping ~*~*~tactically~*~*~ (stealth).
  1994 | D:3      | 1994 ||| Stepping ~*~*~tactically~*~*~ (stealth).
  1995 | D:3      | 1995 ||| Stepping ~*~*~tactically~*~*~ (stealth).
  2233 | D:3      | Reached XP level 5. HP: 32/32 MP: 5/5
  2243 | D:3      | Noticed Terence
  2247 | D:3      | HP: 8/32 [gnoll/+0 halberd (6)]
  2248 | D:3      | 2248 ||| READING 3 scrolls of teleportation.
  2249 | D:3      | HP: 2/32 [Terence/+0 flail (4)]
  2251 | D:3      | 2251 ||| READING 2 scrolls of teleportation.
  2518 | D:3      | Killed Terence
  2628 | D:3      | 2628 ||| READING scroll labelled YDWEEXK WARU.
  2629 | D:3      | 2629 ||| READING scroll labelled EVUREZX ROTRIH.
  2630 | D:3      | 2630 ||| READING scroll labelled ZUSARH GEAPN.
  2667 | D:3      | 2667 ||| Stepping ~*~*~tactically~*~*~ (stealth).
  2668 | D:3      | 2668 ||| Stepping ~*~*~tactically~*~*~ (stealth).
  2670 | D:3      | 2670 ||| Stepping ~*~*~tactically~*~*~ (hiding).
  2671 | D:3      | 2671 ||| Stepping ~*~*~tactically~*~*~ (hiding).
  2672 | D:3      | 2672 ||| Stepping ~*~*~tactically~*~*~ (hiding).
  2835 | D:4      | 2835 ||| PLANNING SEWER
  2855 | D:4      | Found a glowing drain.
  2864 | Sewer    | Entered a sewer
  2874 | Sewer    | 2874 ||| Stepping ~*~*~tactically~*~*~ (stealth).
  2876 | Sewer    | 2876 ||| Stepping ~*~*~tactically~*~*~ (stealth).
  2949 | Sewer    | 2949 ||| READING scroll of enchant weapon.
  2949 | Sewer    | 2949 ||| ENCHANTING +1 spectral war axe.
  3010 | Sewer    | Noticed a kobold brigand
  3011 | Sewer    | 3011 ||| Stepping ~*~*~tactically~*~*~ (hiding).
  3022 | Sewer    | Killed a kobold brigand
  3023 | Sewer    | Reached XP level 6. HP: 37/38 MP: 6/6
  3473 | Sewer    | 3473 ||| READING scroll labelled WEVEWEHOU.
  3474 | Sewer    | 3474 ||| READING scroll labelled RAOZXI PYORUR XAE.
  3506 | D:4      | 3506 ||| PLANNING D:1-11
  3568 | D:4      | Noticed Ijyb
  3585 | D:4      | Killed Ijyb
  3620 | D:4      | Found Jiaps's Book Shop.
  3662 | D:4      | Reached skill level 6 in Axes
  3668 | D:4      | 3668 ||| Stepping ~*~*~tactically~*~*~ (stealth).
  3673 | D:4      | 3673 ||| Stepping ~*~*~tactically~*~*~ (stealth).
  3721 | D:4      | Noticed Pikel
  3739 | D:4      | Killed Pikel
  3740 | D:4      | Reached skill level 6 in Armour
  3740 | D:4      | Reached XP level 7. HP: 27/43 MP: 7/7
  3740 | D:4      | Reached XP level 8. HP: 31/48 MP: 8/8
  3868 | D:4      | Noticed a two-headed ogre
  3876 | D:4      | Killed a two-headed ogre
  4021 | D:4      | 4021 ||| FLEEEEING.
  4022 | D:4      | 4022 ||| FLEEEEING.
  4023 | D:4      | 4023 ||| FLEEEEING.
  4055 | D:4      | 4055 ||| Stepping ~*~*~tactically~*~*~ (stealth).
  4108 | D:4      | 4108 ||| Stepping ~*~*~tactically~*~*~ (hiding).
  4119 | D:4      | Reached XP level 9. HP: 51/54 MP: 9/9
  4183 | D:4      | Reached skill level 1 in Dodging
  4678 | D:4      | 4678 ||| Stepping ~*~*~tactically~*~*~ (stealth).
  4743 | D:4      | 4743 ||| UPGRADING to ring of positive energy.
  4744 | D:4      | 4744 ||| DRINKING 2 green potions.
  4745 | D:4      | 4745 ||| READING 2 scrolls of identify.
  4745 | D:4      | 4745 ||| IDENTIFYING sedimented clear potion
  4770 | D:5      | Entered Level 5 of the Dungeon
  4771 | D:5      | 4771 ||| PLANNING OSSUARY
  4802 | D:5      | Reached skill level 6 in Fighting
  4843 | D:5      | Found an ancient bone altar of Kikubaaqudgha.
  4954 | D:5      | 4954 ||| FLEEEEING.
  4955 | D:5      | 4955 ||| FLEEEEING.
  4956 | D:5      | 4956 ||| FLEEEEING.
  4957 | D:5      | 4957 ||| FLEEEEING.
  4958 | D:5      | 4958 ||| FLEEEEING.
  4966 | D:5      | Reached skill level 9 in Axes
  4969 | D:5      | 4969 ||| FLEEEEING.
  4970 | D:5      | 4970 ||| FLEEEEING.
  4971 | D:5      | 4971 ||| FLEEEEING.
  4972 | D:5      | 4972 ||| FLEEEEING.
  4973 | D:5      | 4973 ||| FLEEEEING.
  4974 | D:5      | 4974 ||| FLEEEEING.
  4975 | D:5      | 4975 ||| FLEEEEING.
  4976 | D:5      | 4976 ||| FLEEEEING.
  4977 | D:5      | 4977 ||| FLEEEEING.
  4978 | D:5      | 4978 ||| FLEEEEING.
  4979 | D:5      | 4979 ||| FLEEEEING.
  4980 | D:5      | 4980 ||| FLEEEEING.
  4981 | D:5      | 4981 ||| FLEEEEING.
  4982 | D:5      | 4982 ||| FLEEEEING.
  4988 | D:5      | 4988 ||| FLEEEEING.
  4989 | D:5      | 4989 ||| FLEEEEING.
  4990 | D:5      | 4990 ||| FLEEEEING.
  4991 | D:5      | 4991 ||| FLEEEEING.
  4992 | D:5      | 4992 ||| FLEEEEING.
  4993 | D:5      | 4993 ||| FLEEEEING.
  4994 | D:5      | 4994 ||| FLEEEEING.
  4995 | D:5      | 4995 ||| FLEEEEING.
  4996 | D:5      | 4996 ||| FLEEEEING.
  4997 | D:5      | 4997 ||| FLEEEEING.
  4998 | D:5      | 4998 ||| FLEEEEING.
  5003 | D:5      | 5003 ||| STAIRDANCE
  5103 | D:5      | 5103 ||| Stepping ~*~*~tactically~*~*~ (hiding).
  5104 | D:5      | 5104 ||| Stepping ~*~*~tactically~*~*~ (hiding).
  5105 | D:5      | 5105 ||| Stepping ~*~*~tactically~*~*~ (hiding).
  5106 | D:5      | 5106 ||| Stepping ~*~*~tactically~*~*~ (hiding).
  5107 | D:5      | 5107 ||| Stepping ~*~*~tactically~*~*~ (hiding).
  5163 | D:5      | 5163 ||| Stepping ~*~*~tactically~*~*~ (stealth).
  5196 | D:5      | 5196 ||| Stepping ~*~*~tactically~*~*~ (hiding).
  5229 | D:5      | 5229 ||| Stepping ~*~*~tactically~*~*~ (stealth).
  5231 | D:5      | 5231 ||| Stepping ~*~*~tactically~*~*~ (stealth).
  5232 | D:5      | 5232 ||| Stepping ~*~*~tactically~*~*~ (stealth).
  5234 | D:5      | 5234 ||| Stepping ~*~*~tactically~*~*~ (stealth).
  5333 | D:5      | 5333 ||| Stepping ~*~*~tactically~*~*~ (hiding).
  5343 | D:5      | Reached skill level 4 in Shields
  5355 | D:5      | Found a sand-covered staircase.
  5356 | D:5      | 5356 ||| DRINKING 2 ruby potions.
  5362 | Ossuary  | Entered an ossuary
  5549 | Ossuary  | 5549 ||| READING scroll labelled VOCOROG NEOZYMAA.
  5550 | Ossuary  | 5550 ||| DRINKING 2 metallic red potions.
  5551 | Ossuary  | 5551 ||| DRINKING 2 fuming dark potions.
  5573 | D:5      | 5573 ||| PLANNING D:1-11
  5874 | D:5      | 5874 ||| Stepping ~*~*~tactically~*~*~ (hiding).
  5891 | D:5      | 5891 ||| Stepping ~*~*~tactically~*~*~ (stealth).
  5893 | D:5      | 5893 ||| Stepping ~*~*~tactically~*~*~ (stealth).
  5998 | D:5      | 5998 ||| READING 2 scrolls of identify.
  5998 | D:5      | 5998 ||| IDENTIFYING metallic clear potion
  5999 | D:5      | 5999 ||| DROPPING potion of ambrosia.
  6069 | D:6      | Reached skill level 1 in Throwing
  6077 | D:6      | Found a staircase to the Ecumenical Temple.
  6078 | D:6      | 6078 ||| PLANNING TEMPLE
  6086 | Temple   | Entered the Ecumenical Temple
  6115 | Temple   | 6115 ||| PLANNING OKAWARU WORSHIP
  6236 | Temple   | Became a worshipper of Warmaster Okawaru
  6237 | Temple   | 6237 ||| PLANNING D:1-11
  6369 | D:6      | 6369 ||| Stepping ~*~*~tactically~*~*~ (hiding).
  6371 | D:6      | 6371 ||| Stepping ~*~*~tactically~*~*~ (hiding).
  6508 | D:6      | 6508 ||| Stepping ~*~*~tactically~*~*~ (hiding).
  6510 | D:6      | 6510 ||| Stepping ~*~*~tactically~*~*~ (hiding).
  6554 | D:6      | Identified the +12 dagger of Spores {antimagic, rElec Str-3
                  | Dex+2 Stlth+}
  6819 | D:6      | 6819 ||| READING scroll labelled XAKHAP ECW.
  6820 | D:6      | 6820 ||| READING 2 scrolls of identify.
  6820 | D:6      | 6820 ||| IDENTIFYING emerald potion
  6821 | D:6      | 6821 ||| DROPPING potion of invisibility.
  6860 | D:7      | 6860 ||| Stepping ~*~*~tactically~*~*~ (hiding).
  6872 | D:7      | Reached * piety under Okawaru
  6958 | D:7      | Reached skill level 1 in Invocations
  6958 | D:7      | Reached XP level 10. HP: 58/63 MP: 9/11
  6990 | D:7      | Noticed Prince Ribbit
  7004 | D:7      | Noticed a two-headed ogre
  7005 | D:7      | 7005 ||| FLEEEEING.
  7006 | D:7      | 7006 ||| FLEEEEING.
  7007 | D:7      | 7007 ||| FLEEEEING.
  7008 | D:7      | 7008 ||| FLEEEEING.
  7009 | D:7      | 7009 ||| FLEEEEING.
  7010 | D:7      | 7010 ||| INVOKING Heroism.
  7015 | D:7      | Killed a two-headed ogre
  7016 | D:7      | Reached skill level 3 in Invocations
  7023 | D:7      | Killed Prince Ribbit
  7191 | D:7      | 7191 ||| READING scroll of enchant armour.
  7191 | D:7      | 7191 ||| ENCHANTING +0 helmet.
  7222 | D:7      | 7222 ||| READING scroll of enchant armour.
  7222 | D:7      | 7222 ||| ENCHANTING +1 helmet.
  7351 | D:7      | 7351 ||| Stepping ~*~*~tactically~*~*~ (hiding).
  7358 | D:7      | Reached ** piety under Okawaru
  7392 | D:7      | Identified the +4 dagger "Ishoem" {antimagic, Int+2 Dex+4}
  7485 | D:7      | Found a shimmering blue altar of Sif Muna.
  7552 | D:7      | 7552 ||| DRINKING 2 murky golden potions.
  7657 | D:7      | 7657 ||| DROPPING potion of berserk rage.
  7815 | D:8      | 7815 ||| INVOKING Heroism.
  7816 | D:8      | 7816 ||| Stepping ~*~*~tactically~*~*~ (cloud).
  7840 | D:8      | Found a hide-covered altar of Uskayaw.
  7905 | D:8      | 7905 ||| DRINKING potion of curing.
  7905 | D:8      | 7905 ||| (to cure confusion)
  7955 | D:8      | Found a flagged portal.
  8150 | D:8      | 8150 ||| Stepping ~*~*~tactically~*~*~ (hiding).
  8152 | D:8      | 8152 ||| Stepping ~*~*~tactically~*~*~ (hiding).
  8153 | D:8      | 8153 ||| Stepping ~*~*~tactically~*~*~ (hiding).
  8154 | D:8      | 8154 ||| Stepping ~*~*~tactically~*~*~ (hiding).
  8155 | D:8      | 8155 ||| INVOKING Heroism.
  8164 | D:8      | Reached skill level 5 in Shields
  8236 | D:8      | Noticed Maurice
  8237 | D:8      | 8237 ||| Stepping ~*~*~tactically~*~*~ (hiding).
  8238 | D:8      | 8238 ||| Stepping ~*~*~tactically~*~*~ (hiding).
  8245 | D:8      | 8245 ||| Stepping ~*~*~tactically~*~*~ (hiding).
  8246 | D:8      | 8246 ||| Stepping ~*~*~tactically~*~*~ (hiding).
  8247 | D:8      | Noticed Psyche
  8248 | D:8      | 8248 ||| INVOKING Heroism.
  8257 | D:8      | Killed Maurice
  8283 | D:8      | Killed Psyche
  8506 | D:8      | 8506 ||| UPGRADING to +0 pair of gloves.
  8511 | D:8      | 8511 ||| UPGRADING to +0 pair of boots.
  8516 | D:8      | 8516 ||| DROPPING ring of magical power.
  8517 | D:8      | 8517 ||| READING 2 scrolls of identify.
  8517 | D:8      | 8517 ||| IDENTIFYING sedimented purple potion
  8518 | D:8      | 8518 ||| DROPPING potion of degeneration.
  8576 | D:9      | Reached *** piety under Okawaru
  8629 | D:9      | 8629 ||| INVOKING Heroism.
  8632 | D:9      | Reached XP level 11. HP: 69/69 MP: 11/14
  8633 | D:9      | 8633 ||| Stepping ~*~*~tactically~*~*~ (stealth).
  8692 | D:9      | Noticed a two-headed ogre
  8693 | D:9      | 8693 ||| INVOKING Heroism.
  8701 | D:9      | Killed a two-headed ogre
  8702 | D:9      | Reached skill level 9 in Fighting
  8827 | D:9      | 8827 ||| INVOKING Heroism.
  8908 | D:9      | Found a white marble altar of Elyvilon.
  8909 | D:9      | Found a basalt altar of Yredelemnul.
  8919 | D:9      | Found a stormy altar of Qazlal.
  8919 | D:9      | Found a shadowy altar of Dithmenos.
  8920 | D:9      | Found a burning altar of Makhleb.
  8923 | D:9      | Found a shimmering altar of Xom.
  9009 | D:9      | 9009 ||| FLEEEEING.
  9010 | D:9      | 9010 ||| FLEEEEING.
  9011 | D:9      | 9011 ||| FLEEEEING.
  9012 | D:9      | 9012 ||| FLEEEEING.
  9013 | D:9      | 9013 ||| FLEEEEING.
  9018 | D:9      | Reached skill level 9 in Armour
  9057 | D:9      | Found a broken altar of Ashenzari.
  9256 | D:9      | Noticed a two-headed ogre
  9257 | D:9      | 9257 ||| INVOKING Heroism.
  9265 | D:9      | Killed a two-headed ogre
  9268 | D:9      | Reached **** piety under Okawaru
  9273 | D:9      | 9273 ||| FLEEEEING.
  9274 | D:9      | 9274 ||| FLEEEEING.
  9294 | D:9      | 9294 ||| INVOKING Heroism.
  9366 | D:9      | 9366 ||| FLEEEEING.
  9367 | D:9      | 9367 ||| FLEEEEING.
  9368 | D:9      | 9368 ||| FLEEEEING.
  9369 | D:9      | 9369 ||| FLEEEEING.
  9370 | D:9      | 9370 ||| FLEEEEING.
  9371 | D:9      | 9371 ||| FLEEEEING.
  9475 | D:9      | Found an ornate altar of the Wu Jian Council.
  9501 | D:9      | 9501 ||| READING scroll of enchant weapon.
  9501 | D:9      | 9501 ||| ENCHANTING +2 spectral war axe.
  9517 | D:9      | Noticed a boulder beetle
  9518 | D:9      | 9518 ||| INVOKING Heroism.
  9529 | D:9      | 9529 ||| INVOKING Heroism.
  9551 | D:9      | 9551 ||| INVOKING Heroism.
  9554 | D:9      | Killed a boulder beetle
  9774 | D:9      | 9774 ||| READING 2 scrolls of identify.
  9774 | D:9      | 9774 ||| IDENTIFYING smoky golden potion
  9818 | D:10     | Entered Level 10 of the Dungeon
  9827 | D:10     | Noticed a two-headed ogre
  9828 | D:10     | 9828 ||| INVOKING Heroism.
  9843 | D:10     | Killed a two-headed ogre
  9844 | D:10     | Reached skill level 12 in Axes
  9891 | D:10     | 9891 ||| INVOKING Heroism.
  9893 | D:10     | Noticed a two-headed ogre
  9900 | D:10     | Killed a two-headed ogre
  9921 | D:10     | 9921 ||| FLEEEEING.
  9922 | D:10     | 9922 ||| FLEEEEING.
  9923 | D:10     | 9923 ||| FLEEEEING.
  9924 | D:10     | 9924 ||| FLEEEEING.
  9925 | D:10     | 9925 ||| FLEEEEING.
  9926 | D:10     | 9926 ||| FLEEEEING.
  9927 | D:10     | 9927 ||| FLEEEEING.
  9931 | D:10     | 9931 ||| FLEEEEING.
  9932 | D:10     | 9932 ||| FLEEEEING.
  9933 | D:10     | 9933 ||| FLEEEEING.
  9934 | D:10     | 9934 ||| STAIRDANCE
 10009 | D:10     | Reached skill level 6 in Shields
 10050 | D:10     | Identified the +1 sling of Fury {speed, rCorr Int+4 Dex+3
                  | SInv}
 10061 | D:10     | 10061 ||| Stepping ~*~*~tactically~*~*~ (hiding).
 10069 | D:10     | 10069 ||| Stepping ~*~*~tactically~*~*~ (hiding).
 10173 | D:10     | Found a staircase to the Lair.
 10184 | D:10     | Identified the +5 shortbow of the Voracious God {freeze,
                  | Str-4 Int+2 Dex+4}
 10466 | D:10     | 10466 ||| PLANNING LAIR
 10466 | D:10     | 10466 ||| UPGRADING to ring of protection from cold.
 10468 | D:10     | 10468 ||| UPGRADING to ring of resist corrosion.
 10515 | Lair:1   | Entered Level 1 of the Lair of Beasts
 10516 | Lair:1   | 10516 ||| PLANNING GAUNTLET
 10519 | Lair:1   | 10519 ||| INVOKING Heroism.
 10587 | Lair:1   | Found a gate leading to a gauntlet.
 10595 | Gauntlet | Entered a Gauntlet
 10595 | Gauntlet | Noticed a fire crab
 10595 | Gauntlet | Found a transporter.
 10595 | Gauntlet | Found a transporter.
 10595 | Gauntlet | Found a transporter.
 10598 | Gauntlet | Found a transporter.
 10599 | Gauntlet | Found a transporter.
 10606 | Gauntlet | Noticed a dire elephant
 10609 | Gauntlet | Found a transporter.
 10611 | Gauntlet | Noticed a fire crab
 10674 | Gauntlet | Found a transporter.
 10684 | Gauntlet | Found a transporter.
 10700 | Gauntlet | Found a transporter.
 10712 | Gauntlet | Found a transporter.
 10712 | Gauntlet | Noticed a soul eater
 10725 | Gauntlet | Found a transporter.
 10731 | Gauntlet | Found a transporter.
 10797 | Gauntlet | 10797 ||| INVOKING Heroism.
 10799 | Gauntlet | Reached XP level 12. HP: 25/77 MP: 13/16
 10803 | Gauntlet | HP: 17/77 [fire crab] (4)]
 10804 | Gauntlet | 10804 ||| DRINKING potion of heal wounds.
 10806 | Gauntlet | Reached skill level 6 in Invocations
 10842 | Gauntlet | 10842 ||| INVOKING Heroism.
 10962 | Gauntlet | 10962 ||| READING scroll of enchant weapon.
 10962 | Gauntlet | 10962 ||| ENCHANTING +3 spectral war axe.
 10968 | Gauntlet | 10968 ||| DROPPING +0 pair of gloves of hurling.
 10969 | Gauntlet | 10969 ||| READING 2 scrolls of identify.
 10969 | Gauntlet | 10969 ||| IDENTIFYING glowing green potion
 10979 | Gauntlet | 10979 ||| INVOKING Heroism.
 10992 | Gauntlet | Killed a dire elephant
 10998 | Gauntlet | Reached ***** piety under Okawaru
 11169 | Gauntlet | 11169 ||| UPGRADING to +1 cloak of willpower.
 11179 | Gauntlet | 11179 ||| DROPPING +0 cloak.
 11180 | Gauntlet | 11180 ||| DROPPING +0 helmet of intelligence.
 11189 | Gauntlet | Noticed a minotaur
 11190 | Gauntlet | 11190 ||| Stepping ~*~*~tactically~*~*~ (stealth).
 11198 | Gauntlet | 11198 ||| Stepping ~*~*~tactically~*~*~ (stealth).
 11200 | Gauntlet | 11200 ||| Stepping ~*~*~tactically~*~*~ (stealth).
 11202 | Gauntlet | 11202 ||| Stepping ~*~*~tactically~*~*~ (stealth).
 11204 | Gauntlet | 11204 ||| Stepping ~*~*~tactically~*~*~ (stealth).
 11206 | Gauntlet | 11206 ||| INVOKING Heroism.
 11215 | Gauntlet | Killed a minotaur
 11281 | Gauntlet | Identified the +3 cloak "Gipoikot" {Str+2 Int+2}
 11288 | Gauntlet | 11288 ||| UPGRADING to +3 cloak "Gipoikot" {Str+2 Int+2}.
 11298 | Gauntlet | 11298 ||| DROPPING +1 cloak of willpower.
 11306 | Lair:1   | 11306 ||| PLANNING LAIR
 11331 | Lair:1   | 11331 ||| Stepping ~*~*~tactically~*~*~ (stealth).
 11418 | Lair:1   | 11418 ||| Stepping ~*~*~tactically~*~*~ (stealth).
 11427 | Lair:1   | 11427 ||| Stepping ~*~*~tactically~*~*~ (stealth).
 11439 | Lair:1   | 11439 ||| INVOKING Heroism.
 11440 | Lair:1   | Received a gift from Okawaru
 11477 | Lair:1   | 11477 ||| FLEEEEING.
 11478 | Lair:1   | 11478 ||| FLEEEEING.
 11479 | Lair:1   | 11479 ||| FLEEEEING.
 11591 | Lair:1   | 11591 ||| Stepping ~*~*~tactically~*~*~ (stealth).
 11592 | Lair:1   | 11592 ||| Stepping ~*~*~tactically~*~*~ (stealth).
 11593 | Lair:1   | 11593 ||| Stepping ~*~*~tactically~*~*~ (stealth).
 11594 | Lair:1   | 11594 ||| Stepping ~*~*~tactically~*~*~ (stealth).
 11595 | Lair:1   | 11595 ||| Stepping ~*~*~tactically~*~*~ (stealth).
 11735 | Lair:1   | 11735 ||| Stepping ~*~*~tactically~*~*~ (stealth).
 11749 | Lair:1   | Reached skill level 3 in Throwing
 12300 | Lair:2   | 12300 ||| INVOKING Heroism.
 12332 | Lair:2   | 12332 ||| Stepping ~*~*~tactically~*~*~ (stealth).
 12424 | Lair:2   | 12424 ||| INVOKING Heroism.
 12922 | Lair:2   | Reached skill level 9 in Invocations
 12922 | Lair:2   | Received a gift from Okawaru
 12966 | Lair:2   | 12966 ||| READING scroll of enchant armour.
 12966 | Lair:2   | 12966 ||| ENCHANTING +0 pair of gloves.
 12992 | Lair:2   | 12992 ||| Stepping ~*~*~tactically~*~*~ (stealth).
 12994 | Lair:2   | 12994 ||| Stepping ~*~*~tactically~*~*~ (stealth).
 13065 | Lair:2   | 13065 ||| Stepping ~*~*~tactically~*~*~ (stealth).
 13084 | Lair:2   | 13084 ||| Stepping ~*~*~tactically~*~*~ (stealth).
 13092 | Lair:2   | 13092 ||| FLEEEEING.
 13093 | Lair:2   | 13093 ||| FLEEEEING.
 13094 | Lair:2   | 13094 ||| FLEEEEING.
 13144 | Lair:2   | 13144 ||| Stepping ~*~*~tactically~*~*~ (stealth).
 13166 | Lair:2   | Reached XP level 13. HP: 82/82 MP: 20/20
 13257 | Lair:2   | 13257 ||| INVOKING Heroism.
 13435 | Lair:2   | 13435 ||| READING 2 scrolls of identify.
 13435 | Lair:2   | 13435 ||| IDENTIFYING bubbling emerald potion
 13443 | Lair:3   | 13443 ||| INVOKING Heroism.
 13519 | Lair:3   | 13519 ||| INVOKING Heroism.
 13520 | Lair:3   | 13520 ||| INVOKING Finesse.
 13523 | Lair:3   | 13523 ||| Stepping ~*~*~tactically~*~*~ (stealth).
 13553 | Lair:3   | 13553 ||| Stepping ~*~*~tactically~*~*~ (stealth).
 13554 | Lair:3   | 13554 ||| Stepping ~*~*~tactically~*~*~ (stealth).
 13568 | Lair:3   | 13568 ||| INVOKING Finesse.
 13658 | Lair:3   | 13658 ||| Stepping ~*~*~tactically~*~*~ (hiding).
 13792 | Lair:3   | Received a gift from Okawaru
 13814 | Lair:3   | Found a staircase to the Swamp.
 13845 | Lair:3   | 13845 ||| Stepping ~*~*~tactically~*~*~ (stealth).
 13854 | Lair:3   | 13854 ||| Stepping ~*~*~tactically~*~*~ (hiding).
 13855 | Lair:3   | 13855 ||| Stepping ~*~*~tactically~*~*~ (hiding).
 13856 | Lair:3   | 13856 ||| Stepping ~*~*~tactically~*~*~ (hiding).
 13875 | Lair:3   | 13875 ||| Stepping ~*~*~tactically~*~*~ (stealth).
 13875 | Lair:3   | Found a hole to the Spider Nest.
 14028 | Lair:3   | 14028 ||| Stepping ~*~*~tactically~*~*~ (hiding).
 14030 | Lair:3   | 14030 ||| Stepping ~*~*~tactically~*~*~ (hiding).
 14033 | Lair:3   | 14033 ||| Stepping ~*~*~tactically~*~*~ (hiding).
 14035 | Lair:3   | 14035 ||| INVOKING Heroism.
 14050 | Lair:3   | 14050 ||| Stepping ~*~*~tactically~*~*~ (stealth).
 14051 | Lair:3   | 14051 ||| INVOKING Finesse.
 14052 | Lair:3   | 14052 ||| INVOKING Finesse.
 14053 | Lair:3   | 14053 ||| SWAPPING to +0 morningstar.
 14061 | Lair:3   | 14061 ||| SWAPPING to +4 spectral war axe.
 14078 | Lair:3   | 14078 ||| Stepping ~*~*~tactically~*~*~ (stealth).
 14084 | Lair:3   | 14084 ||| Stepping ~*~*~tactically~*~*~ (stealth).
 14085 | Lair:3   | 14085 ||| Stepping ~*~*~tactically~*~*~ (stealth).
 14090 | Lair:3   | 14090 ||| Stepping ~*~*~tactically~*~*~ (stealth).
 14092 | Lair:3   | 14092 ||| Stepping ~*~*~tactically~*~*~ (stealth).
 14094 | Lair:3   | 14094 ||| INVOKING Heroism.
 14099 | Lair:3   | 14099 ||| Stepping ~*~*~tactically~*~*~ (stealth).
 14507 | Lair:3   | 14507 ||| UPGRADING to +0 tower shield.
 14517 | Lair:3   | 14517 ||| DROPPING +0 buckler.
 14551 | Lair:4   | 14551 ||| INVOKING Heroism.
 14558 | Lair:4   | Reached skill level 7 in Shields
 14646 | Lair:4   | Received a gift from Okawaru
 14777 | Lair:4   | Noticed Sonja
 14783 | Lair:4   | Reached skill level 8 in Shields
 14785 | Lair:4   | 14785 ||| INVOKING Finesse.
 14794 | Lair:4   | Killed Sonja
 14925 | Lair:4   | 14925 ||| Stepping ~*~*~tactically~*~*~ (stealth).
 14927 | Lair:4   | 14927 ||| INVOKING Heroism.
 15046 | Lair:4   | 15046 ||| Stepping ~*~*~tactically~*~*~ (stealth).
 15058 | Lair:4   | 15058 ||| Stepping ~*~*~tactically~*~*~ (stealth).
 15059 | Lair:4   | 15059 ||| INVOKING Heroism.
 15071 | Lair:4   | Reached skill level 9 in Shields
 15218 | Lair:4   | 15218 ||| INVOKING Heroism.
 15407 | Lair:4   | 15407 ||| INVOKING Heroism.
 15408 | Lair:4   | 15408 ||| INVOKING Finesse.
 15409 | Lair:4   | 15409 ||| SWAPPING to +0 morningstar.
 15416 | Lair:4   | Received a gift from Okawaru
 15417 | Lair:4   | Reached skill level 10 in Shields
 15417 | Lair:4   | Gained mutation: Your large and strong wings let you fly.
                  | [Gargoyle growth]
 15417 | Lair:4   | Reached XP level 14. HP: 88/88 MP: 14/21
 15417 | Lair:4   | 15417 ||| SWAPPING to +4 spectral war axe.
 15733 | Lair:5   | Entered Level 5 of the Lair of Beasts
 15735 | Lair:5   | 15735 ||| Stepping ~*~*~tactically~*~*~ (stealth).
 15752 | Lair:5   | 15752 ||| INVOKING Heroism.
 15757 | Lair:5   | Reached skill level 11 in Shields
 15904 | Lair:5   | 15904 ||| INVOKING Heroism.
 15905 | Lair:5   | 15905 ||| INVOKING Finesse.
 16021 | Lair:5   | 16021 ||| INVOKING Heroism.
 16136 | Lair:5   | 16136 ||| Stepping ~*~*~tactically~*~*~ (stealth).
 16137 | Lair:5   | 16137 ||| Stepping ~*~*~tactically~*~*~ (stealth).
 16187 | Lair:5   | 16187 ||| Stepping ~*~*~tactically~*~*~ (hiding).
 16189 | Lair:5   | 16189 ||| Stepping ~*~*~tactically~*~*~ (cloud).
 16196 | Lair:5   | 16196 ||| INVOKING Heroism.
 16201 | Lair:5   | Received a gift from Okawaru
 16203 | Lair:5   | Reached skill level 12 in Shields
 16321 | Lair:5   | Found a staircase to the Slime Pits.
 16336 | Lair:5   | 16336 ||| Stepping ~*~*~tactically~*~*~ (stealth).
 16337 | Lair:5   | 16337 ||| Stepping ~*~*~tactically~*~*~ (stealth).
 16391 | Lair:5   | 16391 ||| FLEEEEING.
 16392 | Lair:5   | 16392 ||| FLEEEEING.
 16393 | Lair:5   | 16393 ||| FLEEEEING.
 16394 | Lair:5   | 16394 ||| FLEEEEING.
 16395 | Lair:5   | 16395 ||| FLEEEEING.
 16396 | Lair:5   | 16396 ||| FLEEEEING.
 16397 | Lair:5   | 16397 ||| FLEEEEING.
 16398 | Lair:5   | 16398 ||| FLEEEEING.
 16410 | Lair:5   | 16410 ||| Stepping ~*~*~tactically~*~*~ (stealth).
 16432 | Lair:5   | Received a gift from Okawaru
 16472 | Lair:5   | 16472 ||| INVOKING Heroism.
 16555 | Lair:5   | 16555 ||| Stepping ~*~*~tactically~*~*~ (stealth).
 16557 | Lair:5   | 16557 ||| Stepping ~*~*~tactically~*~*~ (stealth).
 16566 | Lair:5   | 16566 ||| Stepping ~*~*~tactically~*~*~ (stealth).
 16597 | Lair:5   | 16597 ||| Stepping ~*~*~tactically~*~*~ (stealth).
 16607 | Lair:5   | Reached skill level 13 in Shields
 16621 | Lair:5   | 16621 ||| INVOKING Heroism.
 16630 | Lair:5   | 16630 ||| Stepping ~*~*~tactically~*~*~ (hiding).
 16661 | Lair:5   | 16661 ||| Stepping ~*~*~tactically~*~*~ (stealth).
 16672 | Lair:5   | 16672 ||| FLEEEEING.
 16713 | Lair:5   | 16713 ||| FLEEEEING.
 16719 | Lair:5   | 16719 ||| INVOKING Heroism.
 16722 | Lair:5   | 16722 ||| Stepping ~*~*~tactically~*~*~ (stealth).
 16731 | Lair:5   | 16731 ||| Stepping ~*~*~tactically~*~*~ (stealth).
 16765 | Lair:5   | 16765 ||| FLEEEEING.
 16816 | Lair:5   | 16816 ||| Stepping ~*~*~tactically~*~*~ (hiding).
 16817 | Lair:5   | 16817 ||| INVOKING Heroism.
 16818 | Lair:5   | 16818 ||| INVOKING Finesse.
 16828 | Lair:5   | Reached skill level 14 in Shields
 16881 | Lair:5   | Identified the +1 trident "Puofiasch" {freeze, rC++}
 17410 | Lair:5   | 17410 ||| PLANNING D:1-11
 17410 | Lair:5   | 17410 ||| UPGRADING to amulet of regeneration.
 17415 | Lair:5   | 17415 ||| READING scroll labelled OVOLAB PIETYRGH.
 17416 | Lair:5   | 17416 ||| READING 2 scrolls of identify.
 17416 | Lair:5   | 17416 ||| IDENTIFYING purple potion
 17557 | D:11     | Received a gift from Okawaru
 18101 | D:11     | 18101 ||| Stepping ~*~*~tactically~*~*~ (stealth).
 18160 | D:11     | 18160 ||| Stepping ~*~*~tactically~*~*~ (hiding).
 18280 | D:11     | Found a radiant altar of Vehumet.
 18560 | D:11     | 18560 ||| PLANNING D
 18648 | D:12     | Noticed Erolcha
 18649 | D:12     | 18649 ||| INVOKING Heroism.
 18650 | D:12     | 18650 ||| INVOKING Finesse.
 18654 | D:12     | Killed Erolcha
 18655 | D:12     | Reached skill level 15 in Shields
 18774 | D:12     | 18774 ||| Stepping ~*~*~tactically~*~*~ (stealth).
 18797 | D:12     | Noticed Nergalle
 18807 | D:12     | Killed Nergalle
 18808 | D:12     | Found a portal to a secret trove of treasure.
 18824 | D:12     | 18824 ||| INVOKING Heroism.
 18833 | D:12     | Received a gift from Okawaru
 18842 | D:12     | Reached XP level 15. HP: 84/92 MP: 22/22
 18851 | D:12     | 18851 ||| INVOKING Heroism.
 18978 | D:12     | Found a staircase to the Orcish Mines.
 19048 | D:12     | Found Jacihadd's Armour Emporium.
 19081 | D:12     | Identified the +0 robe of the Sea {Int+6 Dex+2}
 19097 | D:12     | 19097 ||| INVOKING Heroism.
 19150 | D:12     | 19150 ||| Stepping ~*~*~tactically~*~*~ (hiding).
 19318 | D:12     | 19318 ||| BUYING +1 plate armour of cold resistance (630
                  | gold).
 19318 | D:12     | Bought a +1 plate armour of cold resistance for 630 gold
                  | pieces
 19318 | D:12     | 19318 ||| SHOPLISTING +3 plate armour of poison resistance
                  | (756 gold, have 525).
 19494 | D:12     | 19494 ||| INVOKING Heroism.
 19762 | D:12     | 19762 ||| UPGRADING to +1 plate armour of cold resistance.
 19772 | D:12     | 19772 ||| DROPPING +0 plate armour.
 19797 | D:13     | Noticed Azrael
 19798 | D:13     | 19798 ||| INVOKING Heroism.
 19800 | D:13     | Noticed Urug
 19810 | D:13     | Killed Urug
 19810 | D:13     | Killed Azrael
 19811 | D:13     | 19811 ||| FLEEEEING.
 19812 | D:13     | 19812 ||| STAIRDANCE
 19921 | D:13     | 19921 ||| Stepping ~*~*~tactically~*~*~ (stealth).
 19923 | D:13     | Noticed Jorgrun
 19924 | D:13     | 19924 ||| Stepping ~*~*~tactically~*~*~ (stealth).
 19927 | D:13     | 19927 ||| INVOKING Heroism.
 19941 | D:13     | Reached skill level 16 in Shields
 19982 | D:13     | 19982 ||| INVOKING Heroism.
 19983 | D:13     | 19983 ||| INVOKING Finesse.
 20010 | D:13     | Killed Jorgrun
 20037 | D:13     | 20037 ||| Stepping ~*~*~tactically~*~*~ (stealth).
 20068 | D:13     | Noticed Kirke
 20068 | D:13     | 20068 ||| INVOKING Heroism.
 20071 | D:13     | 20071 ||| READING 9 scrolls of teleportation.
 20080 | D:13     | Received a gift from Okawaru
 20082 | D:13     | 20082 ||| INVOKING Finesse.
 20089 | D:13     | Killed Kirke
 20248 | D:13     | 20248 ||| INVOKING Heroism.
 20249 | D:13     | 20249 ||| INVOKING Finesse.
 20254 | D:13     | 20254 ||| Stepping ~*~*~tactically~*~*~ (stealth).
 20406 | D:13     | Reached skill level 6 in Throwing
 20473 | D:13     | 20473 ||| INVOKING Heroism.
 20491 | D:13     | 20491 ||| Stepping ~*~*~tactically~*~*~ (hiding).
 20512 | D:13     | 20512 ||| Stepping ~*~*~tactically~*~*~ (hiding).
 20528 | D:13     | 20528 ||| Stepping ~*~*~tactically~*~*~ (stealth).
 20529 | D:13     | 20529 ||| READING scroll of enchant armour.
 20529 | D:13     | 20529 ||| ENCHANTING +1 pair of gloves.
 20772 | D:13     | 20772 ||| Stepping ~*~*~tactically~*~*~ (stealth).
 20775 | D:13     | Gained mutation: You are frail. (-10% HP) [a neqoxec]
 20784 | D:13     | 20784 ||| DRINKING 4 potions of mutation.
 20784 | D:13     | Lost mutation: You are frail. (-10% HP) [potion of
                  | mutation]
 20784 | D:13     | Gained mutation: You are agile. (Dex +4, Str/Int -1)
                  | [potion of mutation]
 20784 | D:13     | Gained mutation: Your movements are slightly less
                  | encumbered by armour. (ER -2) [potion of mutation]
 20832 | D:13     | 20832 ||| DROPPING +2 cloak.
 20949 | D:14     | Reached skill level 3 in Dodging
 20952 | D:14     | Identified the +2 helmet of Maosaure {Rampage Drain Str+3
                  | Dex+3} (Okawaru gifted it to you on level 14 of the
                  | Dungeon)
 20952 | D:14     | Received a gift from Okawaru
 21095 | D:14     | Reached skill level 15 in Axes
 21096 | D:14     | 21096 ||| Stepping ~*~*~tactically~*~*~ (stealth).
 21129 | D:14     | Found a gate to the Vaults.
 21173 | D:14     | 21173 ||| Stepping ~*~*~tactically~*~*~ (hiding).
 21282 | D:14     | 21282 ||| Stepping ~*~*~tactically~*~*~ (hiding).
 21486 | D:14     | Noticed an emperor scorpion
 21487 | D:14     | 21487 ||| Stepping ~*~*~tactically~*~*~ (stealth).
 21550 | D:14     | 21550 ||| Stepping ~*~*~tactically~*~*~ (stealth).
 21552 | D:14     | Found a shadowy altar of Dithmenos.
 21553 | D:14     | 21553 ||| Stepping ~*~*~tactically~*~*~ (stealth).
 21555 | D:14     | 21555 ||| Stepping ~*~*~tactically~*~*~ (stealth).
 21566 | D:14     | 21566 ||| INVOKING Heroism.
 21665 | D:14     | 21665 ||| UPGRADING to +2 helmet of Maosaure {Rampage Drain
                  | Str+3 Dex+3}.
 21675 | D:14     | 21675 ||| DROPPING +2 helmet.
 21676 | D:14     | 21676 ||| DROPPING ring of positive energy.
 21677 | D:14     | 21677 ||| UPGRADING to +4 ring of slaying {mikee}.
 21679 | D:14     | 21679 ||| UPGRADING to ring of protection from cold.
 21698 | D:15     | Entered Level 15 of the Dungeon
 21699 | D:15     | 21699 ||| INVOKING Heroism.
 21703 | D:15     | Reached XP level 16. HP: 81/101 MP: 20/23
 21710 | D:15     | Reached skill level 12 in Fighting
 21822 | D:15     | Found a frozen archway.
 21876 | D:15     | 21876 ||| Stepping ~*~*~tactically~*~*~ (hiding).
 21880 | D:15     | 21880 ||| INVOKING Heroism.
 21911 | D:15     | Found a staircase to the Depths.
 21972 | D:15     | 21972 ||| Stepping ~*~*~tactically~*~*~ (hiding).
 22337 | D:15     | 22337 ||| Stepping ~*~*~tactically~*~*~ (hiding).
 22342 | D:15     | 22342 ||| Stepping ~*~*~tactically~*~*~ (hiding).
 22343 | D:15     | 22343 ||| Stepping ~*~*~tactically~*~*~ (hiding).
 22463 | D:15     | 22463 ||| Stepping ~*~*~tactically~*~*~ (hiding).
 22524 | D:15     | 22524 ||| INVOKING Heroism.
 22584 | D:15     | 22584 ||| PLANNING ORC
 22584 | D:15     | 22584 ||| DROPPING scarf of invisibility.
 22585 | D:15     | 22585 ||| UPGRADING to +4 ring of protection.
 22587 | D:15     | 22587 ||| DROPPING ring of positive energy.
 22693 | Orc:1    | Entered Level 1 of the Orcish Mines
 22787 | Orc:1    | 22787 ||| Stepping ~*~*~tactically~*~*~ (hiding).
 22893 | Orc:1    | 22893 ||| Stepping ~*~*~tactically~*~*~ (hiding).
 22996 | Orc:1    | 22996 ||| Stepping ~*~*~tactically~*~*~ (stealth).
 23005 | Orc:1    | Noticed Josephine
 23007 | Orc:1    | 23007 ||| Stepping ~*~*~tactically~*~*~ (hiding).
 23016 | Orc:1    | Killed Josephine
 23248 | Orc:1    | Found a runed translucent gate.
 23248 | Orc:1    | Found a runed translucent gate.
 23248 | Orc:1    | Found a runed translucent gate.
 23250 | Orc:1    | Noticed tatocazan's ghost (journeyman MiFi)
 23700 | Orc:1    | 23700 ||| Stepping randomly (stuck).
 23730 | Orc:2    | Entered Level 2 of the Orcish Mines
 23757 | Orc:2    | Found a staircase to the Elven Halls.
 23760 | Orc:2    | Found a dark tunnel.
 23831 | Orc:1    | 23831 ||| Stepping randomly (stuck).
 23888 | Orc:2    | 23888 ||| Stepping ~*~*~tactically~*~*~ (stealth).
 23891 | Orc:2    | 23891 ||| Stepping ~*~*~tactically~*~*~ (stealth).
 23894 | Orc:2    | 23894 ||| INVOKING Heroism.
 23912 | Orc:2    | 23912 ||| Stepping ~*~*~tactically~*~*~ (hiding).
 23915 | Orc:2    | 23915 ||| DRINKING 3 potions of curing.
 23915 | Orc:2    | 23915 ||| (to cure confusion)
 23917 | Orc:2    | 23917 ||| Stepping ~*~*~tactically~*~*~ (hiding).
 23920 | Orc:2    | 23920 ||| DRINKING 2 potions of curing.
 23920 | Orc:2    | 23920 ||| (to cure confusion)
 23925 | Orc:2    | 23925 ||| INVOKING Heroism.
 23927 | Orc:2    | 23927 ||| Stepping ~*~*~tactically~*~*~ (hiding).
 23929 | Orc:2    | 23929 ||| Stepping ~*~*~tactically~*~*~ (hiding).
 23936 | Orc:2    | Paralysed by an orc sorcerer for 4 turns
 23950 | Orc:2    | Received a gift from Okawaru
 23974 | Orc:2    | 23974 ||| Stepping ~*~*~tactically~*~*~ (hiding).
 23976 | Orc:2    | 23976 ||| INVOKING Heroism.
 23989 | Orc:2    | 23989 ||| FLEEEEING.
 24095 | Orc:2    | Found Inuotem's Distillery.
 24097 | Orc:2    | Found Putush's Magic Scroll Emporium.
 24098 | Orc:2    | Found Batuo's Antique Armour Shoppe.
 24100 | Orc:2    | 24100 ||| Stepping ~*~*~tactically~*~*~ (stealth).
 24101 | Orc:2    | Found Ytuyg's Antique Armour Shoppe.
 24103 | Orc:2    | 24103 ||| Stepping ~*~*~tactically~*~*~ (stealth).
 24104 | Orc:2    | 24104 ||| Stepping ~*~*~tactically~*~*~ (stealth).
 24107 | Orc:2    | 24107 ||| BUYING acid dragon scales (1160 gold).
 24107 | Orc:2    | Bought acid dragon scales for 1160 gold pieces
 24107 | Orc:2    | 24107 ||| SHOPLISTING pair of glowing gloves (217 gold,
                  | have 205).
 24107 | Orc:2    | 24107 ||| Stepping ~*~*~tactically~*~*~ (hiding).
 24108 | Orc:2    | 24108 ||| BUYING 3 scrolls of identify (84 gold).
 24108 | Orc:2    | Bought 3 scrolls of identify for 84 gold pieces
 24108 | Orc:2    | 24108 ||| BUYING scroll of enchant armour (105 gold).
 24108 | Orc:2    | Bought a scroll of enchant armour for 105 gold pieces
 24108 | Orc:2    | 24108 ||| SHOPLISTING scroll of enchant weapon (105 gold,
                  | have 16).
 24108 | Orc:2    | 24108 ||| SHOPLISTING scroll of identify (28 gold, have
                  | 16).
 24109 | Orc:2    | 24109 ||| Stepping ~*~*~tactically~*~*~ (hiding).
 24111 | Orc:2    | 24111 ||| Stepping ~*~*~tactically~*~*~ (stealth).
 24115 | Orc:2    | 24115 ||| Stepping ~*~*~tactically~*~*~ (stealth).
 24116 | Orc:2    | 24116 ||| Stepping ~*~*~tactically~*~*~ (stealth).
 24118 | Orc:2    | 24118 ||| Stepping ~*~*~tactically~*~*~ (hiding).
 24121 | Orc:2    | 24121 ||| Stepping ~*~*~tactically~*~*~ (hiding).
 24226 | Orc:2    | 24226 ||| READING scroll of enchant armour.
 24226 | Orc:2    | 24226 ||| ENCHANTING +0 pair of boots.
 24229 | Orc:2    | 24229 ||| SHOPLISTING 2 potions of curing (96 gold, have
                  | 16).
 24229 | Orc:2    | 24229 ||| SHOPLISTING potion of attraction (48 gold, have
                  | 16).
 24229 | Orc:2    | 24229 ||| SHOPLISTING potion of haste (160 gold, have 16).
 24229 | Orc:2    | 24229 ||| SHOPLISTING potion of magic (128 gold, have 16).
 24229 | Orc:2    | 24229 ||| SHOPLISTING potion of might (64 gold, have 16).
 24375 | Orc:2    | 24375 ||| Stepping ~*~*~tactically~*~*~ (hiding).
 24380 | Orc:2    | 24380 ||| INVOKING Heroism.
 24427 | Orc:2    | Found Veh Tory's Antique Weapon Shop.
 24437 | Orc:2    | 24437 ||| SHOPLISTING brightly glowing broad axe (387 gold,
                  | have 127).
 24626 | Orc:2    | 24626 ||| PLANNING SWAMP:1-3
 24796 | Swamp:1  | Entered Level 1 of the Swamp
 24811 | Swamp:1  | 24811 ||| Stepping ~*~*~tactically~*~*~ (hiding).
 24812 | Swamp:1  | 24812 ||| Stepping ~*~*~tactically~*~*~ (hiding).
 24813 | Swamp:1  | 24813 ||| INVOKING Heroism.
 24825 | Swamp:1  | Noticed a fenstrider witch
 24831 | Swamp:1  | Received a gift from Okawaru
 24838 | Swamp:1  | Killed a fenstrider witch
 24839 | Swamp:1  | Reached skill level 12 in Armour
 24891 | Swamp:1  | 24891 ||| INVOKING Heroism.
 24908 | Swamp:1  | 24908 ||| Stepping ~*~*~tactically~*~*~ (stealth).
 24970 | Swamp:1  | 24970 ||| READING scroll of enchant weapon.
 24970 | Swamp:1  | 24970 ||| ENCHANTING +4 spectral war axe.
 25029 | Swamp:1  | 25029 ||| INVOKING Heroism.
 25030 | Swamp:1  | 25030 ||| SWAPPING to +2 vampiric demon whip.
 25039 | Swamp:1  | 25039 ||| SWAPPING to +5 spectral war axe.
 25346 | Swamp:1  | Reached skill level 17 in Shields
 25392 | Swamp:2  | 25392 ||| INVOKING Heroism.
 25473 | Swamp:2  | 25473 ||| Stepping ~*~*~tactically~*~*~ (hiding).
 25474 | Swamp:2  | 25474 ||| Stepping ~*~*~tactically~*~*~ (hiding).
 25650 | Swamp:2  | 25650 ||| INVOKING Heroism.
 25673 | Swamp:2  | 25673 ||| Stepping ~*~*~tactically~*~*~ (hiding).
 25675 | Swamp:2  | 25675 ||| Stepping ~*~*~tactically~*~*~ (hiding).
 25676 | Swamp:2  | 25676 ||| Stepping ~*~*~tactically~*~*~ (hiding).
 25785 | Swamp:2  | 25785 ||| READING scroll of enchant weapon.
 25785 | Swamp:2  | 25785 ||| ENCHANTING +5 spectral war axe.
 25840 | Swamp:2  | 25840 ||| Stepping ~*~*~tactically~*~*~ (hiding).
 25841 | Swamp:2  | 25841 ||| Stepping ~*~*~tactically~*~*~ (hiding).
 25843 | Swamp:2  | 25843 ||| INVOKING Heroism.
 25867 | Swamp:2  | 25867 ||| Stepping ~*~*~tactically~*~*~ (hiding).
 25868 | Swamp:2  | 25868 ||| Stepping ~*~*~tactically~*~*~ (hiding).
 25948 | Swamp:2  | 25948 ||| Stepping ~*~*~tactically~*~*~ (stealth).
 25957 | Swamp:2  | 25957 ||| Stepping ~*~*~tactically~*~*~ (stealth).
 26014 | Swamp:2  | Reached XP level 17. HP: 108/108 MP: 24/24
 26152 | Swamp:2  | 26152 ||| Stepping ~*~*~tactically~*~*~ (stealth).
 26279 | Swamp:2  | 26279 ||| DROPPING amulet of the acrobat.
 26321 | Swamp:3  | 26321 ||| Stepping ~*~*~tactically~*~*~ (hiding).
 26357 | Swamp:3  | Received a gift from Okawaru
 26362 | Swamp:3  | 26362 ||| Stepping ~*~*~tactically~*~*~ (stealth).
 26412 | Swamp:3  | 26412 ||| Stepping ~*~*~tactically~*~*~ (hiding).
 26413 | Swamp:3  | 26413 ||| Stepping ~*~*~tactically~*~*~ (hiding).
 26414 | Swamp:3  | 26414 ||| Stepping ~*~*~tactically~*~*~ (hiding).
 26415 | Swamp:3  | 26415 ||| INVOKING Heroism.
 26903 | Swamp:3  | 26903 ||| PLANNING SPIDER:1-3
 26903 | Swamp:3  | 26903 ||| DROPPING +1 cloak of preservation.
 27011 | Spider:1 | Entered Level 1 of the Spider Nest
 27012 | Spider:1 | 27012 ||| Stepping ~*~*~tactically~*~*~ (hiding).
 27018 | Spider:1 | 27018 ||| DRINKING 3 potions of curing.
 27018 | Spider:1 | 27018 ||| (to cure confusion)
 27019 | Spider:1 | 27019 ||| DRINKING 2 potions of curing.
 27019 | Spider:1 | 27019 ||| (to cure confusion)
 27032 | Spider:1 | 27032 ||| Stepping ~*~*~tactically~*~*~ (stealth).
 27090 | Spider:1 | 27090 ||| Stepping ~*~*~tactically~*~*~ (hiding).
 27133 | Spider:1 | 27133 ||| Stepping ~*~*~tactically~*~*~ (stealth).
 27149 | Spider:1 | 27149 ||| Stepping ~*~*~tactically~*~*~ (hiding).
 27292 | Spider:1 | 27292 ||| INVOKING Heroism.
 27341 | Spider:1 | 27341 ||| INVOKING Heroism.
 27366 | Spider:1 | 27366 ||| Stepping ~*~*~tactically~*~*~ (stealth).
 27367 | Spider:1 | 27367 ||| Stepping ~*~*~tactically~*~*~ (stealth).
 27370 | Spider:1 | 27370 ||| INVOKING Finesse.
 27888 | Spider:2 | 27888 ||| Stepping ~*~*~tactically~*~*~ (hiding).
 27958 | Spider:2 | 27958 ||| Stepping ~*~*~tactically~*~*~ (stealth).
 28074 | Spider:2 | 28074 ||| Stepping ~*~*~tactically~*~*~ (stealth).
 28111 | Spider:2 | 28111 ||| Stepping ~*~*~tactically~*~*~ (hiding).
 28117 | Spider:2 | 28117 ||| Stepping ~*~*~tactically~*~*~ (hiding).
 28121 | Spider:2 | Reached skill level 18 in Shields
 28234 | Spider:2 | 28234 ||| Stepping ~*~*~tactically~*~*~ (hiding).
 28237 | Spider:2 | 28237 ||| Stepping ~*~*~tactically~*~*~ (hiding).
 28238 | Spider:2 | 28238 ||| Stepping ~*~*~tactically~*~*~ (hiding).
 28244 | Spider:2 | 28244 ||| INVOKING Finesse.
 28255 | Spider:2 | 28255 ||| Stepping ~*~*~tactically~*~*~ (stealth).
 28256 | Spider:2 | 28256 ||| Stepping ~*~*~tactically~*~*~ (stealth).
 28258 | Spider:2 | 28258 ||| Stepping ~*~*~tactically~*~*~ (stealth).
 28326 | Spider:2 | Noticed Aizul
 28327 | Spider:2 | 28327 ||| INVOKING Heroism.
 28334 | Spider:2 | Killed Aizul
 28478 | Spider:2 | 28478 ||| DRINKING potion of curing.
 28478 | Spider:2 | 28478 ||| (to cure confusion)
 28502 | Spider:2 | 28502 ||| FLEEEEING.
 28503 | Spider:2 | 28503 ||| FLEEEEING.
 28504 | Spider:2 | 28504 ||| FLEEEEING.
 28505 | Spider:2 | 28505 ||| FLEEEEING.
 28506 | Spider:2 | 28506 ||| FLEEEEING.
 28507 | Spider:2 | 28507 ||| FLEEEEING.
 28508 | Spider:2 | 28508 ||| FLEEEEING.
 28509 | Spider:2 | 28509 ||| FLEEEEING.
 28510 | Spider:2 | 28510 ||| FLEEEEING.
 28511 | Spider:2 | 28511 ||| FLEEEEING.
 28512 | Spider:2 | 28512 ||| FLEEEEING.
 28513 | Spider:2 | 28513 ||| FLEEEEING.
 28516 | Spider:2 | 28516 ||| FLEEEEING.
 28543 | Spider:2 | Identified the +0 chain mail "Tiokaiwe" {Harm rPois rN+}
 28664 | Spider:2 | Found a runed translucent door.
 28672 | Spider:2 | Noticed qw's ghost (adept GrFi)
 28843 | Spider:2 | 28843 ||| Stepping ~*~*~tactically~*~*~ (stealth).
 28854 | Spider:2 | 28854 ||| Stepping ~*~*~tactically~*~*~ (stealth).
 28856 | Spider:2 | 28856 ||| Stepping ~*~*~tactically~*~*~ (stealth).
 28861 | Spider:2 | 28861 ||| Stepping ~*~*~tactically~*~*~ (stealth).
 28871 | Spider:2 | 28871 ||| Stepping ~*~*~tactically~*~*~ (stealth).
 29029 | Spider:2 | 29029 ||| DROPPING +0 chain mail "Tiokaiwe" {Harm rPois
                  | rN+}.
 29030 | Spider:2 | 29030 ||| DROPPING +1 pair of gloves.
 29106 | Spider:3 | 29106 ||| INVOKING Heroism.
 29117 | Spider:3 | Reached skill level 6 in Dodging
 29131 | Spider:3 | Identified the +1 robe "Poatuump" {Fly rF- Regen+ SInv}
                  | (Okawaru gifted it to you on level 3 of the Spider Nest)
 29131 | Spider:3 | Received a gift from Okawaru
 29159 | Spider:3 | 29159 ||| Stepping ~*~*~tactically~*~*~ (stealth).
 29160 | Spider:3 | 29160 ||| Stepping ~*~*~tactically~*~*~ (stealth).
 29175 | Spider:3 | 29175 ||| Stepping ~*~*~tactically~*~*~ (stealth).
 29198 | Spider:3 | Noticed Agnes
 29199 | Spider:3 | 29199 ||| INVOKING Heroism.
 29200 | Spider:3 | 29200 ||| INVOKING Finesse.
 29207 | Spider:3 | Killed Agnes
 29208 | Spider:3 | Reached XP level 18. HP: 117/117 MP: 18/25
 29211 | Spider:3 | 29211 ||| DROPPING +0 morningstar.
 29212 | Spider:3 | 29212 ||| DROPPING +2 vampiric demon whip.
 29252 | Spider:3 | 29252 ||| Stepping ~*~*~tactically~*~*~ (stealth).
 29277 | Spider:3 | 29277 ||| INVOKING Heroism.
 29300 | Spider:3 | 29300 ||| Stepping ~*~*~tactically~*~*~ (stealth).
 29320 | Spider:3 | 29320 ||| INVOKING Heroism.
 29340 | Spider:3 | 29340 ||| Stepping ~*~*~tactically~*~*~ (stealth).
 29478 | Spider:3 | 29478 ||| Stepping ~*~*~tactically~*~*~ (stealth).
 29658 | Spider:3 | Reached skill level 15 in Fighting
 29664 | Spider:3 | 29664 ||| DRINKING 4 potions of cancellation.
 29686 | Spider:3 | 29686 ||| INVOKING Heroism.
 29690 | Spider:3 | 29690 ||| DRINKING 3 potions of cancellation.
 29704 | Spider:3 | 29704 ||| DRINKING 2 potions of cancellation.
 30487 | Spider:3 | 30487 ||| PLANNING SWAMP:4
 30630 | Swamp:4  | Entered Level 4 of the Swamp
 30633 | Swamp:4  | 30633 ||| Stepping ~*~*~tactically~*~*~ (hiding).
 30803 | Swamp:4  | 30803 ||| Stepping ~*~*~tactically~*~*~ (stealth).
 30805 | Swamp:4  | 30805 ||| Stepping ~*~*~tactically~*~*~ (hiding).
 30809 | Swamp:4  | 30809 ||| INVOKING Heroism.
 30831 | Swamp:4  | 30831 ||| Stepping ~*~*~tactically~*~*~ (hiding).
 30881 | Swamp:4  | 30881 ||| FLEEEEING.
 30884 | Swamp:4  | 30884 ||| FLEEEEING.
 30885 | Swamp:4  | 30885 ||| FLEEEEING.
 30886 | Swamp:4  | 30886 ||| INVOKING Heroism.
 30887 | Swamp:4  | 30887 ||| FLEEEEING.
 30888 | Swamp:4  | 30888 ||| FLEEEEING.
 31021 | Swamp:4  | 31021 ||| Stepping ~*~*~tactically~*~*~ (hiding).
 31022 | Swamp:4  | 31022 ||| Stepping ~*~*~tactically~*~*~ (hiding).
 31027 | Swamp:4  | 31027 ||| INVOKING Heroism.
 31060 | Swamp:4  | 31060 ||| Stepping ~*~*~tactically~*~*~ (hiding).
 31062 | Swamp:4  | Noticed the 27-headed Lernaean hydra
 31072 | Swamp:4  | HP: 25/119 [the 27-headed Lernaean hydra (8)]
 31073 | Swamp:4  | 31073 ||| READING 14 scrolls of teleportation.
 31074 | Swamp:4  | 31074 ||| DRINKING 2 potions of heal wounds.
 31075 | Swamp:4  | Killed the 26-headed Lernaean hydra
 31077 | Swamp:4  | HP: 26/119 [spriggan druid/+0 quarterstaff (7)]
 31078 | Swamp:4  | 31078 ||| DRINKING potion of heal wounds.
 31079 | Swamp:4  | 31079 ||| INVOKING Heroism.
 31081 | Swamp:4  | 31081 ||| READING 13 scrolls of teleportation.
 31082 | Swamp:4  | HP: 4/119 [bunyip (15)]
 31082 | Swamp:4  | Killed from afar by a swamp worm

Levels and vault maps discovered:
D:1:      wander_arrival_estate, layout_loops_ring
D:2:      layout_loops_ring, uniq_crazy_yiuf_cottage
D:3:      layout_basic, mainiacjoe_overflow_concentric_impassable, hex_large,
          uniq_terence
D:4:      kennysheep_kobold_camp, layout_basic, kennysheep_slug_shrine,
          serial_shops, nicolae_shop_advertising_works
          [nicolae_subvault_shop_adworks], portal_sewer_entry_b, uniq_pikel,
          uniq_ijyb
D:5:      lemuel_ice_spiral_2, layout_basic, kennysheep_mini_moat,
          lightli_ossuary_entry_decrepit_ruins
D:6:      layout_loops_cross, minmay_temple_entry_statues_pillars,
          amethyst_killhole
D:7:      layout_rooms, mainiacjoe_overflow_brackets,
          hangedman_decor_diamond_cutter, uniq_prince_ribbit1
D:8:      layout_basic, eat_drink_and_be_merry_uskayaw, enter_bailey_2,
          uniq_psyche, uniq_maurice
D:9:      layout_roguey, nicolae_ashenzari_panopticon, lemuel_crystal_altar,
          minitemple, hangedman_decor_points, kennysheep_generic_room_6
D:10:     layout_rooms, lair_entry_dummy
D:11:     layout_basic, nicolae_vehumet_altar_sigil
D:12:     layout_loops_corners, erik_orc_4, serial_shops,
          nicolae_inconvenience_store, nicolae_trove_entry_crossroad,
          chequers_serial_rivers_micro_d, nzn_life_drinkers, uniq_nergalle,
          uniq_erolcha
D:13:     minmay_distorted_concentric_squares, layout_cave_pods, serial_demonic,
          serial_demonic_b, serial_demonic_a, serial_demonic_b,
          serial_demonic_d, uniq_jorgrun, uniq_azrael, uniq_urug, uniq_kirke
D:14:     layout_stronghold, david_vaults_2,
          nicolae_dithmenos_through_a_glass_darkly
D:15:     grunt_enter_depths_hoard, layout_small_grid,
          portal_ice_cave_entry_ugly_swarm
Temple:   hellmonk_temple_forest_ring
Lair:1:   statuecave_lemuel, layout_regular_city, gauntlet_entry_generic,
          kennysheep_rathole, infiniplex_staircase_pool_2
Lair:2:   layout_cave_pods, pdpol_lair_cavern_descent
Lair:3:   layout_loops_ring, skrybe_swamp_entry_bodies, spider_nest_entry_webs,
          lemuel_fruit_tree, serial_bayou_shore_a
Lair:4:   layout_small_grid, cheibrodos_lair_caveside_slide,
          infiniplex_staircase_pool, uniq_sonja
Lair:5:   gammafunk_lair_ancient_temple, layout_hall_layers,
          nicolae_slime_entry_slimehenge
Swamp:1:  layout_falls_marsh, evilmike_swamp_ruin_house_3
Swamp:2:  layout_basic_swamp, serial_swamp_ruin, evilmike_swamp_ruin_house_6,
          evilmike_swamp_ruin_house_4, evilmike_swamp_ruin_house_5, swamp_pool1
Swamp:3:  layout_falls_marsh, evilmike_swamp_ruin_house_2, swamp_pool4,
          kb_tengu_band
Swamp:4:  swamp_alternative, layout_basic_swamp, swamp_pool2,
          nicolae_swamp_vermiculated, uniq_donald, uniq_nikola
Spider:1: layout_spider_delve
Spider:2: layout_spider_delve, ebering_ghost_reflecting_pool, drop_trap,
          nicolae_spider_undead_wolf_pack, uniq_aizul
Spider:3: layout_chambers, drop_trap, uniq_agnes
Orc:1:    layout_diamond_mine, gammafunk_ghost_necromancy,
          nicolae_orc_pool_cavern, uniq_josephine
Orc:2:    st_orc_mages, layout_diamond_mine, enter_volcano_1, serial_shops,
          nicolae_shop_just_a_little_nook

Skill      XL: |  1  2  3  4  5  6  7  8  9 10 11 12 13 14 15 16 17 18 |
---------------+-------------------------------------------------------+-----
Axes           | 2 3 4 5 6 8 9 11 12 14 15 16 | 16.0
Fighting       | 4 5 7 8 9 10 11 12 14 15 | 15.0
Armour         | 6 8 9 10 11 12 14 | 14.4
Dodging        | 1 2 3 5 6 |  6.0
Shields        | 4 5 6 10 15 16 17 18 | 18.2
Throwing       | 1 3 4 5 6 7 |  7.6
Invocations    | 1 4 5 9 10 | 10.0

Action                     |  1- 3 |  4- 6 |  7- 9 | 10-12 | 13-15 | 16-18 || total
---------------------------+-------+-------+-------+-------+-------+-------++-------
  Melee: War axe           |   104 |   170 |   213 |   379 |   742 |   819 ||  2427
         Unarmed           |       |       |       |    16 |       |       ||    16
         Morningstar       |       |       |       |       |    14 |       ||    14
         Demon whip        |       |       |       |       |       |     7 ||     7
  Throw: Boomerang         |       |       |    25 |    23 |   151 |    64 ||   263
         Javelin           |       |       |       |    48 |   119 |   106 ||   273
 Invoke: Heroism           |       |       |       |    22 |    31 |    25 ||    78
         Finesse           |       |       |       |       |    11 |     3 ||    14
    Use: Scroll            |     4 |    14 |     5 |     8 |     5 |     5 ||    41
         Potion            |     1 |       |     4 |     3 |     1 |    10 ||    19
   Stab: Distracted        |       |       |     1 |     5 |     4 |    10 ||    20
 Armour: Scale mail        |    26 |       |       |       |       |       ||    26
         Plate armour      |    31 |    80 |   102 |   151 |   284 |   355 ||  1003
         Skin              |       |       |       |     5 |       |       ||     5
  Dodge: Dodged            |    41 |    39 |    35 |    75 |    84 |   175 ||   449
  Block: Buckler           |    19 |    28 |    27 |    53 |    11 |       ||   138
         Tower shield      |       |       |       |       |   373 |   660 ||  1033

Table legend:
 A = Non-vault XP
 B = Vault XP
 C = Vault XP percentage of total XP
 D = Non-vault monster count
 E = Vault monster count
 F = Vault count percentage of total count
                 A         B        C        D         E       F
            +---------+---------+-------+---------+---------+-------
      Total |  201770 |   74456 |  27.0 |     775 |     276 |  26.3
            +---------+---------+-------+---------+---------+-------
        D:1 |      57 |       0 |   0.0 |      22 |       0 |   0.0
        D:2 |      44 |       0 |   0.0 |      13 |       0 |   0.0
        D:3 |      98 |      36 |  26.9 |      20 |       1 |   4.8
        D:4 |    1231 |     848 |  40.8 |      21 |      27 |  56.2
        D:5 |     949 |       0 |   0.0 |      33 |       0 |   0.0
        D:6 |     746 |       0 |   0.0 |      18 |       0 |   0.0
        D:7 |    1697 |     274 |  13.9 |      17 |       1 |   5.6
        D:8 |     852 |     759 |  47.1 |      16 |       2 |  11.1
        D:9 |    5992 |     357 |   5.6 |      32 |       2 |   5.9
       D:10 |    3744 |       0 |   0.0 |      26 |       0 |   0.0
       D:11 |    3230 |       0 |   0.0 |      24 |       0 |   0.0
       D:12 |   11874 |    2663 |  18.3 |      31 |      21 |  40.4
       D:13 |    4499 |   17537 |  79.6 |      17 |      33 |  66.0
       D:14 |    8688 |     497 |   5.4 |      17 |       2 |  10.5
       D:15 |   11514 |    6794 |  37.1 |      28 |      11 |  28.2
     Lair:1 |    3663 |     187 |   4.9 |      17 |      13 |  43.3
     Lair:2 |    3553 |    2666 |  42.9 |      19 |      10 |  34.5
     Lair:3 |   11293 |     873 |   7.2 |      34 |       2 |   5.6
     Lair:4 |    8860 |     782 |   8.1 |      32 |       1 |   3.0
     Lair:5 |   16671 |    8185 |  32.9 |      54 |      26 |  32.5
    Swamp:1 |   12489 |       0 |   0.0 |      26 |       0 |   0.0
    Swamp:2 |   12544 |       0 |   0.0 |      35 |       0 |   0.0
    Swamp:3 |   10045 |    1181 |  10.5 |      20 |       2 |   9.1
    Swamp:4 |    7608 |    7136 |  48.4 |      18 |      10 |  35.7
   Spider:1 |   16728 |       0 |   0.0 |      43 |       0 |   0.0
   Spider:2 |   15428 |   10656 |  40.9 |      49 |      17 |  25.8
   Spider:3 |   22891 |    1470 |   6.0 |      52 |       1 |   1.9
      Orc:1 |     798 |    1724 |  68.4 |      15 |       5 |  25.0
      Orc:2 |    3984 |    4827 |  54.8 |      26 |      40 |  60.6
      Sewer |       0 |     199 | 100.0 |       0 |      22 | 100.0
    Ossuary |       0 |     156 | 100.0 |       0 |      16 | 100.0
   Gauntlet |       0 |    4649 | 100.0 |       0 |      11 | 100.0
            +---------+---------+-------+---------+---------+-------
